 Dungeon Crawl Stone Soup version 0.31-a0-1074-g0b22e4e0f1 (console) character file.

Game seed: 708568488390880302

7 petzl the Sneak (level 2, -7/22 (24) HPs)
             Began as a Formicid Delver on Nov 27, 2023.
             Mangled by a gnoll bouda
             ... wielding a +2 whip of venom
              (12 damage)
             ... on level 7 of the Dungeon.
             The game lasted 00:03:25 (516 turns).

petzl the Sneak (Formicid Delver)                    Turns: 516, Time: 00:03:28

HP:   -7/22 (24)    AC:  3    Str: 16    XL:     2   Next: 10%
MP:   4/4           EV: 12    Int:  9    God:
Gold: 25            SH:  0    Dex: 15    Spells: 4/4 levels left

rFire   . . .        a - +0 mace
rCold   . . .        (no shield)
rNeg    . . .        b - +0 leather armour
rPois   .            (helmet unavailable)
rElec   .            (no cloak)
rCorr   .            (no gloves)
SInv    +            (no boots)
Will    .....        (no amulet)
Stlth   +++          (no ring)
HPRegen 0.23/turn    (no ring)
MPRegen 0.09/turn

%: no passive effects
@: lethally poisoned (-7 -> -22), drained
A: permanent stasis, dig shafts and tunnels, antennae 3, four strong arms
a: Dig, Shaft Self


You were on level 7 of the Dungeon.
You visited 1 branch of the dungeon, and saw 4 of its levels.

You collected 25 gold pieces.

Inventory:

Hand Weapons
 a - a +0 mace (weapon)
Missiles
 g - 10 poisoned darts
Armour
 b - a +0 leather armour (worn)
Wands
 f - a wand of digging (1)
Scrolls
 c - 2 scrolls of fog
 e - a scroll of noise {unknown}
 h - a scroll of immolation {unknown}


   Skills:
 - Level 3.2 Fighting
 - Level 2.0 Maces & Flails
 - Level 1.7 Dodging
 - Level 6.0 Stealth
 + Level 1.6 Spellcasting


You had 4 spell levels left.
You didn't know any spells.
Your spell library was empty.

Dungeon Overview and Level Annotations

Branches:
Dungeon (7/15)             Temple (0/1) D:4

Altars:

Annotations:
D:4 exclusion: downstairs
D:5 exclusion: downstairs


Innate Abilities, Weirdness & Mutations

You cannot be hasted, slowed, berserked, paralysed or teleported.
You can dig through walls and to a lower floor.
You have a pair of large antennae on your head. (SInv)
Your four strong arms can wield two-handed weapons with a shield.


Message History

The orc shouts!
Your punch misses the orc.
You hear a shout! x2
The orc hits you with a +0 short sword.
Are you sure you want to shaft yourself?
The orc hits you with a +0 short sword.
You begin to dig a shaft.
You continue digging a shaft.
The orc hits you but does no damage. The orc barely misses you.
A shaft appears beneath you!
You fall into a shaft and drop 1 floor!
The shaft crumbles and collapses.
Found a stone staircase leading down.
You start resting.
A gnoll bouda is nearby!
The gnoll bouda shouts!
You hear a shout!
You hear an angry hiss. x2
There is a stone staircase leading down here.
You climb downwards.
There is a stone staircase leading up here.
You start resting.
HP restored.
You climb upwards.
There is a stone staircase leading down here.
The gnoll bouda gazes fiercely through you!
You feel your attacks grow feeble. The gnoll bouda barely misses you.
You climb downwards.
There is a stone staircase leading up here.
You hit the gnoll bouda but do no damage.
The gnoll bouda hits you with a +2 whip of venom.
You are poisoned.
The gnoll bouda hits you with a +2 whip of venom.
You are lethally poisoned!
You hit the gnoll bouda.
The gnoll bouda is lightly wounded.
Your attacks no longer feel as feeble.
* * * LOW HITPOINT WARNING * * *
You feel extremely sick.
The gnoll bouda hits you with a +2 whip of venom!
Ouch! That really hurt!
You die...

# .# ..
######### .#
........#.##.#
#@.....#
#.g.####
#......
##.##.#.# .#
.# .# # .# ..


You could see a gnoll bouda.

Vanquished Creatures
  2 orcs (D:5)
  An endoplasm (D:4)
  A hobgoblin (D:4)
  A goblin (D:4)
5 creatures vanquished.

Notes
Turn   | Place    | Note
-------+----------+-------------------------------------------
     0 | D:5      | petzl the Formicid Delver began the quest for the Orb.
     0 | D:5      | Reached XP level 1. HP: 18/18 MP: 1/1
     5 | D:6      | Noticed a gnoll bouda
    23 | D:5      | Reached skill level 1 in Spellcasting
    25 | D:5      | You fall into a shaft and drop 1 floor!
    85 | D:6      | Noticed a water moccasin
   158 | D:5      | Noticed a gnoll bouda
   189 | D:5      | Noticed an orc priest
   274 | D:4      | Found a staircase to the Ecumenical Temple.
   284 | D:4      | Reached XP level 2. HP: 24/24 MP: 4/4
   334 | D:4      | Noticed a bullfrog
   352 | D:4      | You fall into a shaft and drop 2 floors!
   444 | D:5      | Noticed an ogre
   491 | D:5      | You fall into a shaft and drop 1 floor!
   516 | D:7      | Mangled by a gnoll bouda

Illustrated notes

Levels and vault maps discovered:
D:4:      layout_basic, minmay_temple_entry_large_hall, uniq_edmund, uniq_pikel,
          uniq_sigmund
D:5:      layout_layer_cave, lemuel_blue_sif_altar
D:6:      layout_rooms, hangedman_decor_slide_cut,
          amcnicky_mini_rare_corridor_liquid
D:7:      layout_loops_ring, mainiacjoe_overflow_surrounded_room,
          grunt_temple_overflow_open, serial_shops, shop

Skill      XL: |  1 |
---------------+----+-----
Spellcasting   | 1 |  1.6
Fighting       | |  3.2
Maces & Flails | |  2.0
Dodging        | |  1.7
Stealth        | |  6.0

Action                     || total
---------------------------++-------
  Melee: Mace              ||    15
Ability: Shaft Self        ||     3
         Dig               ||     1
  Evoke: Wand              ||     2
    Use: Scroll            ||     2
 Armour: Leather armour    ||    26
  Dodge: Dodged            ||    17

Table legend: (Time is in decaauts)
 A = Elapsed time spent in this place.
 B = Non-inter-level travel time spent in this place.
 C = Inter-level travel time spent in this place.
 D = Time resting spent in this place.
 E = Time spent auto-exploring this place.
 F = Levels seen in this place.
 G = Mean time per level.
                   A        B        C        D        E       F      G
               +--------+--------+--------+--------+--------+-----+--------+
         Total |    521 |    521 |      0 |    167 |      6 |   4 |  130.2 |
       Dungeon |    521 |    521 |      0 |    167 |      6 |   4 |  130.2 |
               +--------+--------+--------+--------+--------+-----+--------+

Top non-repeatable levels by time:
     D:6: 188 daAuts
     D:5: 166 daAuts
     D:4: 152 daAuts
     D:7: 13 daAuts
